Map: Void Thrashing

Players

raincamp

  • Race: Terran Terran
  • Spawn Location: 9:00

raincamp

  • Race: Zerg Zerg
  • League: Bronze
  • Spawn Location: 6:00

VOD

Have the link to the VOD?

Description

Time

  • Played on: Nov. 1, 2017, 10:48 a.m.
  • Length: 11:29
Show
View Real Time Build Order
Export as new Build Order

raincamp Terran 

Build Orders:  

Get SALT Encoding   

  11  0:45  Supply Depot  
Show
View Real Time Build Order
Export as new Build Order

raincamp Zerg 

Build Orders:  

Get SALT Encoding   

  12  0:05  Drone  
  13  0:12  Drone  
  14  0:25  Overlord  
  14  0:37  Drone, Extractor  
  14  0:43  Extractor  
  14  0:44  Drone  
  14  0:51  Drone  
  14  0:56  Drone  
  16  1:02  Drone  
  16  1:09  Drone  
  18  1:17  Drone  
  18  1:19  Drone  
  20  1:26  Drone  
  21  1:59  Roach Warren  
  20  2:10  Overlord  
  20  2:19  Roach  
  22  2:25  Lair  
  22  2:40  Drone  
  22  2:41  Drone x2  
  25  3:02  Roach  
  25  3:08  Spire  
  24  3:11  Evolution Chamber  
  23  3:24  Brutalisk  
  23  3:37  Mutalisk  
  23  3:39  Drone  
  26  3:40  Drone  
  26  3:41  Overlord  
  27  4:06  Mutalisk  
  27  4:10  Mutalisk x2  
  31  4:28  Overlord  
  28  4:30  Drone x3  
  31  4:31  Drone  
  31  4:34  Leviathan  
  31  4:35  Mutalisk  
  35  5:03  Leviathan  
  35  5:10  Roach  
  35  5:12  Roach  
  39  5:26  Mutalisk  
  39  5:49  Bio-Mechanical Transfusion  
  39  5:54  Leviathan  
  39  6:18  Roach  
  39  6:19  Incubation Chamber  
  39  6:26  Overseer  
  39  6:40  Brutalisk  
  39  6:49  Zerg Missile Weapons Level 1  
  39  7:19  Roach  
  39  7:23  Queen x2  
  39  7:41  Brutalisk  
  39  7:45  Overlord x2  
  39  7:46  Overlord x2  
  39  7:47  Roach  
  45  7:53  Queen x2  
  45  8:16  Roach  
  45  8:17  Roach  
  53  8:23  Queen x2  
  53  8:44  Zerg Missile Weapons Level 2  
  53  8:48  Roach x4  
  65  8:53  Queen x2  
  69  9:37  Queen x2  
  69  9:58  Roach  
  69  9:59  Roach  
  77  10:00  Overlord  
  77  10:01  Overlord  
  77  10:06  Queen  
Tags
 
Commander
AbathurRaynor
League
Bronze
Matchup
Co-op
Replay Pack
Co-op Speedrun
Add a new tag
Caveats
  • Supply blocks, unpowered buildings, or Contaminate may cause inaccurate times.
  • Supply counts are checked every 10 seconds.